 Dungeon Crawl Stone Soup version 0.29-a0-91-gdebf4667c2 (webtiles) character file.

Game seed: 2562348928171892268

186 timneilson the Covered (level 5, -2/33 HPs)
             Began as a Gargoyle Fighter on Feb 8, 2022.
             Slain by an ogre (13 damage)
             ... on level 5 of the Dungeon.
             The game lasted 00:04:49 (4744 turns).

timneilson the Covered (Gargoyle Fighter)           Turns: 4744, Time: 00:04:49

Health: -2/33      AC: 16    Str: 26    XL:     5   Next: 65%
Magic:  5/5        EV: 10    Int:  7    God:
Gold:   130        SH:  4    Dex:  9    Spells: 4/4 levels left

rFire   . . .      SeeInvis .   a - +1 long sword
rCold   . . .      Faith    .   c - +0 buckler
rNeg    + . .      Spirit   .   g - +3 scale mail of the Salmon {rCorr Str+5 Int-2}
rPois   ∞          Reflect  .   m - +0 helmet
rElec   +          Harm     .   (no cloak)
rCorr   +          Rampage  .   (no gloves)
Will    .....                   h - +0 pair of boots
Stlth   ..........              (no amulet)
HPRegen 0.11/turn               (no ring)
MPRegen 0.09/turn               (no ring)

@: mighty
A: sickness immunity, AC +4, negative energy resistance 1, electricity
resistance, torment resistance 1, petrification resistance
a: no special abilities


You were on level 5 of the Dungeon.
You visited 1 branch of the dungeon, and saw 5 of its levels.

You collected 130 gold pieces.

Inventory:

Hand Weapons
 a - a +1 long sword (weapon)
Armour
 c - a +0 buckler (worn)
 g - the +3 scale mail of the Salmon (worn) {rCorr Str+5 Int-2}
   (You took it off a hobgoblin on level 2 of the Dungeon)

   Str:       It affects your strength (+5).
   Int:       It affects your intelligence (-2).
   rCorr:     It protects you from acid and corrosion.
 h - a +0 pair of boots (worn)
 m - a +0 helmet (worn)
Scrolls
 o - a scroll of enchant weapon
Potions
 b - a potion of resistance {unknown}
 d - a potion of might
 e - 2 potions of curing
 f - a potion of invisibility {unknown}
 i - a potion of mutation
 j - a potion of lignification {unknown}
 k - a potion of haste {unknown}
 l - a potion of flight {unknown}


   Skills:
 + Level 3.8 Fighting
 * Level 2.8 Long Blades
 * Level 4.4 Armour
 + Level 1.1 Dodging
 * Level 4.4 Shields


You had 4 spell levels left.
You didn't know any spells.
Your spell library contained the following spells:

 Spells                   Type           Power      Damage    Failure   Level
 Animate Skeleton         Necr           0%         N/A       80%         1
 Foxfire                  Conj/Fire      0%         2x1d4     80%         1
 Pain                     Necr           0%         1d4       80%         1
 Shock                    Conj/Air       0%         1d3       80%         1
 Conjure Flame            Conj/Fire      0%         6-21      99%         3
 Inner Flame              Hex/Fire       0%         N/A       99%         3
 Swiftness                Air            0%         N/A       99%         3
 Tukima's Dance           Hex            0%         N/A       99%         3
 Vampiric Draining        Necr           0%         2d6       99%         3
 Airstrike                Air            0%         N/A       100%        4
 Flame Wave               Conj/Fire      0%         2d4       100%        4
 Passage of Golubria      Tloc           0%         N/A       100%        4
 Yara's Violent Unravell  Hex/Tmut       0%         3d3       100%        5


Dungeon Overview and Level Annotations

Branches:
Dungeon (5/15)
 Temple: D:4-7

Altars:


Innate Abilities, Weirdness & Mutations

You are immune to sickness and miasma.
Your stone body is resilient. (AC +4)
You are immune to poison.
You resist negative energy. (rN+)
You are resistant to electric shocks. (rElec)
You are resistant to unholy torment.
You are immune to petrification.


Message History

You kill the ball python!
You pick up a book of Flames and begin reading...
You add the spells Foxfire, Conjure Flame, Inner Flame and Flame Wave to your library.
Found a stone staircase leading up.
A worm comes into view.
A worm is nearby!
The worm bites you.
You hit the worm.
The worm is moderately wounded.
You slash the worm!
You kill the worm!
You see here a worm corpse.
Found a stone staircase leading down.
Found a stone staircase leading up.
There is a stone staircase leading up here.
There is a stone staircase leading down here.
Done exploring.
Done exploring.
Blink to where?
Press: ? - help, Dir - move target
As you read the scroll labelled OHYASHR JANNI, it crumbles to dust.
It was a scroll of blinking.
Okay, then.
There is a stone staircase leading down here.
You climb downwards.
There is a stone staircase leading up here.
An ogre comes into view. It is wielding a +0 giant club.
The ogre shouts!
You feel very mighty all of a sudden. The ogre hits you with a +0 giant club!
You hit the ogre.
The ogre is moderately wounded.
The ogre hits you with a +0 giant club!
You hit the ogre.
The ogre is moderately wounded.
The ogre barely misses you.
You slash the ogre!
The ogre is almost dead.
The ogre hits you with a +0 giant club!
You die...

### #..
#.#
########.#
#..<...#O#
#.####.#@#
#.#....#.#
#.#.####.#
#........#
###.######
#.# #.#
#.# #.#


You could see an ogre.

Vanquished Creatures
  An iguana (D:4)
  Jessica (D:3)
  Terence (D:2)
  Robin (D:4)
  An adder (D:2)
  3 worms
  2 dart slugs
  3 orcs (D:4)
  3 ball pythons
  4 endoplasms
  2 giant cockroaches (D:1)
  15 goblins
  14 hobgoblins
  3 quokkas
  5 bats
  3 frilled lizards (D:2)
  2 kobolds
  6 rats (D:1)
70 creatures vanquished.

Notes
Turn   | Place    | Note
-------+----------+-------------------------------------------
     0 | D:1      | timneilson the Gargoyle Fighter began the quest for the
                  | Orb.
     0 | D:1      | Reached XP level 1. HP: 14/14 MP: 1/1
    18 | D:1      | Found a faded altar of an unknown god.
   349 | D:1      | Reached XP level 2. HP: 19/19 MP: 2/2
  1080 | D:1      | Reached XP level 3. HP: 23/23 MP: 3/3
  1551 | D:2      | Identified the +3 scale mail of the Salmon {rCorr Str+5
                  | Int-2}
  1970 | D:2      | Noticed Terence
  1990 | D:2      | Killed Terence
  1991 | D:2      | Reached XP level 4. HP: 10/28 MP: 4/4
  2730 | D:3      | Noticed Jessica
  2737 | D:3      | Killed Jessica
  2874 | D:3      | Reached skill level 1 in Dodging
  2880 | D:3      | Reached XP level 5. HP: 32/33 MP: 5/5
  4163 | D:4      | Noticed Robin
  4182 | D:4      | Killed Robin
  4722 | D:5      | Entered Level 5 of the Dungeon
  4737 | D:5      | Noticed an ogre
  4744 | D:5      | Slain by an ogre

Illustrated notes

Levels and vault maps discovered:
D:1:      scummos_arrival_hexagon, layout_basic,
          chequers_ecumenical_altar_island, serial_rivers,
          chequers_serial_rivers_small_3, chequers_serial_rivers_small_b,
          chequers_serial_rivers_micro_d, chequers_serial_rivers_micro_d,
          corexii_leaking_fountain
D:2:      layout_basic, uniq_terence
D:3:      layout_basic, minmay_goblin_kobold_house, uniq_jessica
D:4:      layout_cave_pods, uniq_robin
D:5:      layout_basic, nicolae_sextant, minmay_small_thing, uniq_duvessa,
          uniq_grinder, uniq_blork_the_orc

Skill      XL: |  1  2  3  4 |
---------------+-------------+-----
Long Blades    | 2 |  2.8
Armour         | 4 |  4.4
Shields        | 4 |  4.4
Dodging        | 1 |  1.1
Fighting       | |  3.8

Action                   |  1- 3 |  4- 6 || total
-------------------------+-------+-------++-------
Melee: Long sword        |   124 |   107 ||   231
  Use: Scroll            |     5 |     8 ||    13
       Potion            |       |     1 ||     1
Armor: Scale mail        |    77 |    53 ||   130
Dodge: Dodged            |    66 |    47 ||   113
Block: Buckler           |    22 |     9 ||    31

Table legend: (Time is in decaauts)
 A = Elapsed time spent in this place.
 B = Non-inter-level travel time spent in this place.
 C = Inter-level travel time spent in this place.
 D = Time resting spent in this place.
 E = Time spent auto-exploring this place.
 F = Levels seen in this place.
 G = Mean time per level.
                   A        B        C        D        E       F      G
               +--------+--------+--------+--------+--------+-----+--------+
         Total |   4828 |   4757 |     71 |      7 |   4094 |   5 |  965.6 |
       Dungeon |   4828 |   4757 |     71 |      7 |   4094 |   5 |  965.6 |
               +--------+--------+--------+--------+--------+-----+--------+

Top non-repeatable levels by time:
     D:1: 1476 daAuts
     D:2: 1240 daAuts
     D:4: 1062 daAuts
     D:3: 1027 daAuts
     D:5: 22 daAuts
